 Dungeon Crawl Stone Soup version 0.30.0-30-g96aa6591b8 (webtiles) character file.

Game seed: 9775352330092796343

138 Chiseanne the Sneak (level 5, 0/37 HPs)
             Began as an Octopode Delver on June 28, 2023.
             Slain by a gnoll sergeant
             ... wielding a +2 antimagic spear
              (12 damage)
             ... on level 6 of the Dungeon.
             The game lasted 00:03:23 (1187 turns).

Chiseanne the Sneak (Octopode Delver)               Turns: 1187, Time: 00:03:24

Health: 0/37       AC:  1    Str: 12    XL:     5   Next: 21%
Magic:  0/5        EV: 14    Int: 12    God:
Gold:   43         SH:  0    Dex: 15    Spells: 4/4 levels left

rFire   . . .        a - +0 short sword
rCold   . . .        (no shield)
rNeg    . . .        (helmet restricted)
rPois   .            (no amulet)
rElec   .            (no ring)
rCorr   .            (no ring)
SInv    .            (no ring)
Will    .....        (no ring)
Stlth   +++++        (no ring)
HPRegen 0.26/turn    (no ring)
MPRegen 0.09/turn    (no ring)
                     (no ring)

%: no passive effects
@: no status effects
A: almost no armour, amphibious, 8 rings, camouflage 1, gelatinous body 1,
(nimble swimmer 1), tentacles
a: no special abilities


You were on level 6 of the Dungeon.
You visited 1 branch of the dungeon, and saw 3 of its levels.

You collected 43 gold pieces.

Inventory:

Hand Weapons
 a - a +0 short sword (weapon)
 l - a +1 whip of distortion
Missiles
 h - 6 stones (quivered)
Wands
 f - a wand of digging (3)
Scrolls
 b - a scroll of fog
 c - a scroll of magic mapping
 d - a scroll of fear
 i - a scroll of vulnerability {unknown}
 k - a scroll of teleportation
Potions
 e - a potion of haste
 g - 2 potions of curing
 j - a potion of degeneration {unknown}
 m - a potion of mutation {unknown}


   Skills:
 * Level 4.1 Fighting
 - Level 2.0 Short Blades
 * Level 3.3 Dodging
 * Level 7.8 Stealth


You had 4 spell levels left.
You didn't know any spells.
Your spell library contained the following spells:

 Spells                   Type           Power      Damage    Failure   Level
 Magic Dart               Conj           0%         1d3       32%         1
 Searing Ray              Conj           0%         2d4       45%         2
 Fulminant Prism          Conj/Hex       0%         3d5       97%         4


Dungeon Overview and Level Annotations

Branches:
Dungeon (5/15)
 Temple: D:4-7

Altars:
Nemelex Xobeh
Wu Jian

Shops:
D:4 (

Annotations:
D:4 exclusions: goblin, orc wizard and sleepcap
D:5 exclusion: gnoll


Innate Abilities, Weirdness & Mutations

You cannot wear most types of armour.
You are amphibious.
You can wear up to eight rings at the same time.
Your skin changes colour to match your surroundings (Stealth+).
Your rubbery body absorbs attacks. (AC +1, EV +1)
((You are camouflaged when in or above water. (Stealth+)))
You have tentacles for arms and can constrict up to eight enemies at once.


Message History

You see here a scroll of teleportation.
k - a scroll of teleportation A gnoll comes into view.
It is wielding a +0 flail.
You see here a +1 whip of distortion.
l - a +1 whip of distortion
Okay, then.
An orc and a hound come into view.
Found a smoky silvery potion.
Found a scroll of fog.
An ice beast comes into view.
You see here a smoky silvery potion.
m - a smoky silvery potion The gnoll sergeant misses you.
The gnoll sergeant misses you. The gnoll sergeant misses you.
You barely miss the gnoll sergeant. You grab the gnoll sergeant.
You constrict the gnoll sergeant.
You hit the gnoll sergeant but do no damage.
The gnoll sergeant is lightly wounded.
You constrict the gnoll sergeant. The gnoll sergeant misses you.
You hit the gnoll sergeant but do no damage.
The gnoll sergeant is lightly wounded.
You constrict the gnoll sergeant, but do no damage.
The gnoll sergeant hits you with a +2 antimagic spear!
You feel your power leaking away.
You hit the gnoll sergeant. You squeeze the gnoll sergeant!
The gnoll sergeant is heavily wounded.
You constrict the gnoll sergeant.
The gnoll sergeant hits you with a +2 antimagic spear!
You hit the gnoll sergeant.
The gnoll sergeant is severely wounded.
You constrict the gnoll sergeant, but do no damage.
The gnoll sergeant hits you with a +2 antimagic spear!
* * * LOW HITPOINT WARNING * * *
You hit the gnoll sergeant.
You squeeze the gnoll sergeant, but do no damage.
The gnoll sergeant is severely wounded.
You constrict the gnoll sergeant, but do no damage.
The gnoll sergeant hits you with a +2 antimagic spear!
You die...

### Y.# #.# ###
... ... #.# #.#
# # #.# #.#
#.#.#.#.###.#
......#..g@.# ..
#.?......#### .
###.###.....# .
#.....# .
#.....# #
##.###... # #.#
...
##############.#
..
..........g....#


You could see a gnoll sergeant.

Vanquished Creatures
  A hound (D:5)
  2 jellies
  2 adders (D:4)
  A worm (D:5)
  4 dart slugs
  5 orcs
  An endoplasm (D:4)
  A goblin (D:4)
  2 hobgoblins (D:4)
19 creatures vanquished.

Notes
Turn   | Place    | Note
-------+----------+-------------------------------------------
     0 | D:5      | Chiseanne the Octopode Delver began the quest for the Orb.
     0 | D:5      | Reached XP level 1. HP: 16/16 MP: 1/1
    11 | D:5      | Found an ornate altar of the Wu Jian Council.
   131 | D:5      | Reached XP level 2. HP: 12/21 MP: 2/2
   382 | D:5      | Reached skill level 7 in Stealth
   382 | D:5      | Reached XP level 3. HP: 18/26 MP: 3/3
   463 | D:4      | Noticed a +0 lajatang
   464 | D:4      | Found Ruebask's Weapon Boutique.
   472 | D:4      | Reached XP level 4. HP: 33/33 MP: 4/4
   490 | D:4      | Noticed a +0 demon blade
   709 | D:4      | Found a sparkling altar of Nemelex Xobeh.
  1043 | D:5      | Reached XP level 5. HP: 37/37 MP: 5/5
  1070 | D:5      | Noticed an ogre
  1090 | D:5      | You fall into a shaft and drop 1 floor!
  1173 | D:6      | Noticed an ice beast
  1187 | D:6      | Slain by a gnoll sergeant

Illustrated notes

Levels and vault maps discovered:
D:4:      layout_rooms, nemelex_diamond_rough_becter,
          mainiacjoe_overflow_concentric_impassable, ebering_ghost_sewer_f,
          serial_shops, nicolae_shop_mannequins, chequers_avenue, st_stairs_13,
          grunt_ministairs_13
D:5:      layout_basic, kennysheep_mini_moat
D:6:      layout_basic, minmay_temple_entry_stoned_glass

Skill      XL: |  1  2  3  4 |
---------------+-------------+-----
Stealth        | 7 |  7.8
Dodging        | 3 |  3.3
Fighting       | 4 |  4.1
Short Blades   | |  2.0

Action                     |  1- 3 |  4- 6 || total
---------------------------+-------+-------++-------
  Melee: Short sword       |    26 |    26 ||    52
         Constrict         |     6 |     5 ||    11
         Tentacles         |     3 |    11 ||    14
         Punch             |       |     1 ||     1
    Use: Scroll            |     1 |     3 ||     4
   Stab: Sleeping          |     6 |     3 ||     9
 Armour: Skin              |       |     1 ||     1
  Dodge: Dodged            |     8 |    14 ||    22
